AoeStats
← eyupfc

Arena

509722785Analyzed
4v4 RM · 5d ago on Sep 27, 2026· 41m 37s· 8 players
Game mode
Random Map
Map size
Large (8 player)
Population
200
Speed
Normal
Resources
Standard
Victory
Conquest
Starting age
Dark Age
Ending age
Imperial Age
RankedLock teamsTeams togetherTeam positionsShared explorationLock speedFull tech treeHidden civsTurbo modeCheats
Victory
Defeat
🇸🇪 Huns · Sweden
1194
+16
🇲🇽 Magyars · Mexico
1193
+17
🇨🇳 Cumans · China
1156
+18
🇨🇳 Armenians · China
1147
+18
🇵🇱 Persians · Poland
1223
-18
🇪🇸 Teutons · Spain
1221
-18
🇩🇪 Khmer · Germany
1195
-17
🇹🇷 Danes · Türkiye
1169
-16
PapuKong
8:07 Loom
10:41 Feudal Age
12:13 Double-Bit Axe
14:34 Horse Collar
16:12 Town Watch
17:04 Wheelbarrow
19:23 Gold Mining
21:35 Castle Age
20:23 Scale Barding Armor
22:04 Bloodlines
22:39 Bow Saw
23:02 Chain Barding Armor
27:29 Heavy Plow
28:50 Town Watch
31:47 Hand Cart
32:35 Fervor
33:18 Scale Mail Armor
32:41 Pikeman
39:04 Gold Shaft Mining
38:21 Stone Mining
39:06 Chain Mail Armor
風実花
9:39 Feudal Age
10:27 Double-Bit Axe
13:04 Man-at-Arms
13:59 Long Swordsman
15:33 Arson
22:56 Castle Age
23:52 Wheelbarrow
23:05 Horse Collar
23:21 Two-Handed Swordsman
24:05 Squires
24:07 Scale Mail Armor
24:09 Champion
25:27 Squires
26:03 Bow Saw
26:45 Gambesons
27:17 Chain Mail Armor
27:12 Forging
27:30 Hand Cart
29:05 Gold Mining
31:08 Iron Casting
33:48 Loom
37:02 Imperial Age
34:52 Stone Mining
35:41 Gold Shaft Mining
34:42 Pikeman
36:10 Halberdier
37:24 Capped Ram
38:42 Plate Mail Armor
39:13 Blast Furnace
39:07 Siege Ram
41:26 Conscription
41:32 Fereters
The Outpost Man
12:00 Feudal Age
13:22 Double-Bit Axe
16:50 Castle Age
15:13 Gold Mining
15:27 Stone Mining
18:14 Wheelbarrow
17:21 Horse Collar
17:55 Bow Saw
18:44 Loom
19:05 Heavy Plow
19:25 Hand Cart
19:52 Gold Shaft Mining
27:04 Marauders
27:22 Forging
27:17 Scale Barding Armor
28:56 Iron Casting
28:27 Husbandry
28:37 Bloodlines
33:12 Imperial Age
31:07 Chain Barding Armor
33:20 Elite Tarkan
35:33 Plate Barding Armor
37:09 Blast Furnace
38:26 Thumb Ring
38:44 Conscription
40:50 Parthian Tactics
40:17 Fletching
40:27 Padded Archer Armor
41:00 Bodkin Arrow
42:08 Chemistry
41:29 Ballistics
Loki
6:14 Loom
8:22 Feudal Age
15:03 Double-Bit Axe
21:03 Wheelbarrow
22:33 Castle Age
23:49 Wheelbarrow
23:22 Scale Barding Armor
23:16 Gold Mining
23:56 Horse Collar
24:48 Bloodlines
25:01 Chain Barding Armor
25:36 Gold Shaft Mining
26:27 Forging
27:13 Bow Saw
26:38 Capped Ram
31:37 Imperial Age
32:21 Iron Casting
32:52 Hand Cart
32:23 Town Watch
32:46 Fletching
34:28 Heavy Plow
33:51 Cavalier
36:39 Conscription
36:21 Steppe Husbandry
36:20 Light Cavalry
36:57 Bodkin Arrow
37:38 Plate Barding Armor
37:58 Stone Mining
41:10 Siege Ram
41:17 Hussar
41:34 Elite Steppe Lancer
43:17 Blast Furnace
IlikeStone
11:18 Feudal Age
12:26 Double-Bit Axe
15:15 Castle Age
13:39 Horse Collar
17:01 Bow Saw
23:32 Wheelbarrow
22:47 Loom
31:44 Imperial Age
31:52 Forging
32:05 Bloodlines
31:56 Husbandry
32:24 Kamandaran
32:30 Scale Barding Armor
32:02 Cavalier
33:48 Iron Casting
33:34 Hand Cart
34:22 Two-Man Saw
33:33 Heavy Plow
35:39 Conscription
oldschreddahand
10:21 Feudal Age
14:07 Castle Age
12:44 Double-Bit Axe
16:05 Bow Saw
20:44 Wheelbarrow
22:44 Horse Collar
22:59 Gold Mining
24:26 Gold Shaft Mining
23:43 Stone Mining
28:09 Imperial Age
27:24 Bloodlines
27:16 Husbandry
28:06 Stone Shaft Mining
27:48 Hand Cart
27:19 Loom
27:20 Town Watch
27:42 Scale Barding Armor
27:48 Forging
28:07 Masonry
28:11 Elite Battle Elephant
29:12 Chain Barding Armor
30:15 Fletching
31:01 Plate Barding Armor
31:50 Iron Casting
32:16 Siege Engineers
32:30 Bodkin Arrow
34:31 Conscription
34:00 Heavy Scorpion
36:59 Ballistics
37:40 Chemistry
41:07 Double Crossbow
eyupfc
10:53 Feudal Age
14:35 Castle Age
12:25 Double-Bit Axe
12:21 Horse Collar
14:23 Stone Mining
14:25 Gold Mining
30:31 Gold Shaft Mining
30:13 Scale Mail Armor
34:18 Forging
33:55 Arson
< Lucho >
7:12 Loom
9:36 Feudal Age
13:22 Double-Bit Axe
13:53 Horse Collar
20:25 Castle Age
19:14 Bloodlines
20:45 Gold Mining
21:09 Scale Barding Armor
21:37 Bow Saw
22:16 Heavy Plow
22:58 Chain Barding Armor
25:49 Forging
Connection lost

Rejoining the realm…

Still unreachable

The connection could not be restored.

Session expired

The server has moved on; the page needs a fresh start.